 Dungeon Crawl Stone Soup version 0.22-a0-126-g307c7c3 (webtiles) character file.

3017 solxrula the Basher (level 9, 0/92 HPs)
             Began as a Troll Berserker on Jan 31, 2018.
             Was an Elder of Trog.
             Slain by an orc
             ... wielding a +0 club
              (2 damage)
             ... on level 7 of the Dungeon.
             The game lasted 00:24:13 (6009 turns).

solxrula the Basher (Troll Berserker)               Turns: 6009, Time: 00:24:14

Health: 0/92       AC:  9    Str: 31    XL:     9   Next: 55%
Magic:  8/8        EV: 10    Int:  3    God:    Trog [****..]
Gold:   279        SH:  0    Dex: 12    Spells: 8/8 levels left

rFire    + . .     SeeInvis .   f - +2 mace (freeze)
rCold    . . .     Gourm    +   (no shield)
rNeg     . . .     Faith    .   j - +2 robe {rC+}
rPois    .         Spirit   .   (helmet restricted)
rElec    .         Reflect  .   m - +1 cloak
rCorr    .         Harm     .   (gloves unavailable)
MR       .....                  (boots unavailable)
Stlth    ++........             (no amulet)
HPRegen  0.65/turn              u - ring of stealth
MPRegen  0.11/turn              l - ring of fire

@: berserk cooldown, slowed, very slow
A: large, unfitting armour, antennae 1, claws 3, agile 1, fast metabolism 3,
gourmand, regeneration 1, shaggy fur 1, strong 1, tough skin 2
a: Berserk, Trog's Hand, Brothers in Arms, Burn Spellbooks, Renounce Religion


You were on level 7 of the Dungeon.
You worshipped Trog.
Trog was greatly pleased with you.
You were very full.

You visited 1 branch of the dungeon, and saw 7 of its levels.

You collected 279 gold pieces.

Inventory:

Hand Weapons
 a - a +1 mace
 f - a +2 mace of freezing (weapon)
Missiles
 n - 4 tomahawks of returning (quivered)
 r - 3 large rocks
Armour
 j - a +2 robe of cold resistance (worn)
 m - a +1 cloak (worn)
Jewellery
 l - a ring of fire (right claw)
 t - an uncursed ring of flight
 u - a ring of stealth (left claw)
Wands
 k - a wand of iceblast (10)
Scrolls
 b - 2 scrolls of identify
 g - 6 scrolls of teleportation
 o - a scroll of enchant weapon
 p - 4 scrolls of remove curse
 q - a scroll of fear
Potions
 e - a potion of resistance
 i - 3 potions of heal wounds
Comestibles
 c - 10 rations
 d - 2 chunks of flesh


   Skills:
 + Level 6.9 Fighting
 + Level 10.3 Maces & Flails
 - Level 2.4 Dodging


You had 8 spell levels left.
You didn't know any spells.

Dungeon Overview and Level Annotations

Branches:
Dungeon (7/15)             Temple (0/1) D:7

Altars:
Makhleb
Okawaru
Qazlal
Sif Muna
Vehumet
Wu Jian
The Shining One

Annotations:
D:3 Dowan


Innate Abilities, Weirdness & Mutations

You are too large for most types of armour.
You have claws for hands.
Your metabolism is lightning-fast.
You like to eat raw meat.
Your natural rate of healing is unusually fast.
You are covered in fur. (AC +1)
You have very tough skin. (AC +2)
You have a pair of small antennae on your head.
You are agile. (Dex +2)
Your muscles are strong. (Str +2)


Message History

You destroy brevous's ghost!
Trog accepts your kill.
You feel your intelligence returning.
Your Maces & Flails skill increases to level 10!
The orc priest begins to cast a cantrip, but forgets the words!
You feel a strong urge to attack something.
You bludgeon the orc!! You freeze the orc.
You kill the orc!
Trog accepts your kill.
You feel a strong urge to attack something.
You are no longer berserk.
You are exhausted.
You feel yourself slow down.
The orc priest begins to cast a cantrip, but forgets the words!
There is a stone staircase leading up here.
The orc priest mumbles some strange prayers to Beogh against you.
Beogh smites you!
* * * LOW HITPOINT WARNING * * *
The orc hits you with a club.
You die...

.##......#..# ###.####..##.#.....
...........## #...# ##..#.#.####
.........### #.### ##.#.#.# ##
.........# #.# #....#.###.
.........## #.# ###...##.##..
..........# #.# #........รท...
..........#####.#####.#...#...##.
....................#....##)####.
.........#.....o@<..#....#..####+
.........#.....o.......###.##....
.....###.#.o........##.###(.#....
........).o............#....+...>
.....#..##............>..(.##....
... ##..#.............##.###....
. o..#..............(...####'
o#..o.........#..(.###......
oZ##................# #######


You could see an orc priest, an orc wizard and 3 orcs.

Vanquished Creatures
  The ghost of brevous the Cleaver, a novice DDFi of Makhleb (D:7)
  Sigmund (D:3)
  The ghost of Agustin the Slicer, an amateur GnWn (D:4)
  Duvessa (D:4)
  3 sky beasts
  2 ice beasts
  An ogre (D:3)
  A phantom (D:7)
  3 centaurs
  2 scorpions
  A howler monkey (D:5)
  A crimson imp (D:6)
  A bullfrog skeleton (D:5)
  A hound (D:6)
  2 centaur skeletons
  4 orc priests
  12 orc wizards
  Crazy Yiuf (D:3)
  Jessica (D:3)
  Ijyb (D:3)
  Terence (D:3)
  An iguana (D:3)
  6 worker ants
  Robin (D:4)
  3 gnolls (D:2)
  5 adders
  2 shadow imps (D:5)
  3 oozes
  3 worms
  5 leopard geckos
  21 orcs
  5 giant cockroaches
  12 goblins
  14 hobgoblins
  9 jackals
  2 quokkas
  2 ball pythons
  5 bats
  8 frilled lizards
  5 kobolds
  6 rats
160 creatures vanquished.

Notes
Turn   | Place    | Note
-------+----------+-------------------------------------------
     0 | D:1      | solxrula the Troll Berserker began the quest for the Orb.
     0 | D:1      | Reached XP level 1. HP: 22/22 MP: 0/0
   227 | D:1      | Reached skill level 3 in Maces & Flails
   266 | D:1      | Reached XP level 2. HP: 29/29 MP: 1/1
   525 | D:1      | Gained mutation: Your body sometimes deteriorates upon taking damage. [potion of mutation]
   525 | D:1      | Gained mutation: You are agile. (Dex +2) [potion of mutation]
   577 | D:2      | Found a burning altar of Makhleb.
   866 | D:2      | Reached XP level 3. HP: 36/36 MP: 2/2
   885 | D:2      | Reached ** piety under Trog
  1010 | D:2      | Reached XP level 4. HP: 29/45 MP: 3/3
  1016 | D:2      | Reached skill level 4 in Maces & Flails
  1130 | D:2      | Found an ornate altar of the Wu Jian Council.
  1333 | D:3      | Noticed Terence
  1352 | D:3      | Killed Terence
  1388 | D:3      | Found a radiant altar of Vehumet.
  1464 | D:3      | Reached XP level 5. HP: 47/53 MP: 4/4
  1534 | D:3      | Reached skill level 5 in Maces & Flails
  1536 | D:3      | Found an iron altar of Okawaru.
  1563 | D:3      | Noticed Sigmund
  1571 | D:3      | Killed Sigmund
  1571 | D:3      | Reached XP level 6. HP: 55/62 MP: 5/5
  1650 | D:3      | Noticed Ijyb
  1659 | D:3      | Killed Ijyb
  1765 | D:3      | Noticed Jessica
  1772 | D:3      | Killed Jessica
  1780 | D:3      | Reached skill level 6 in Maces & Flails
  1905 | D:3      | Found a stormy altar of Qazlal.
  2052 | D:3      | Found a runed door.
  2056 | D:3      | Noticed Crazy Yiuf
  2062 | D:3      | Killed Crazy Yiuf
  2238 | D:4      | Noticed Agustin's ghost (amateur GnWn)
  2249 | D:3      | Reached XP level 7. HP: 34/70 MP: 6/6
  2259 | D:3      | Reached *** piety under Trog
  2368 | D:4      | Noticed Duvessa
  2401 | D:4      | Noticed Robin
  2410 | D:4      | Noticed Dowan
  2830 | D:3      | Reached skill level 7 in Maces & Flails
  3113 | D:4      | Killed Duvessa
  3113 | D:4      | Reached skill level 5 in Fighting
  3113 | D:4      | Reached XP level 8. HP: 80/80 MP: 7/7
  3238 | D:4      | Killed Agustin's ghost
  3241 | D:4      | Killed Robin
  3246 | D:4      | Reached **** piety under Trog
  3456 | D:4      | Found a deep blue altar of Sif Muna.
  3490 | D:4      | Reached skill level 8 in Maces & Flails
  3639 | D:4      | Lost intelligence.
  3644 | D:4      | Lost mutation: Your body sometimes deteriorates upon taking damage. [potion of mutation]
  3644 | D:4      | Lost mutation: You are agile. (Dex +2) [potion of mutation]
  3644 | D:4      | Gained mutation: You have a pair of small antennae on your head. [potion of mutation]
  3644 | D:4      | Gained mutation: You are agile. (Dex +2) [potion of mutation]
  3644 | D:4      | Gained mutation: Your muscles are strong. (Str +2) [potion of mutation]
  3656 | D:5      | Entered Level 5 of the Dungeon
  4784 | D:6      | Reached skill level 9 in Maces & Flails
  4963 | D:6      | Reached XP level 9. HP: 91/91 MP: 8/8
  5095 | D:6      | Found a glowing golden altar of the Shining One.
  5892 | D:7      | Found a staircase to the Ecumenical Temple.
  5982 | D:7      | Noticed brevous's ghost (novice DDFi)
  5997 | D:7      | Killed brevous's ghost
  5997 | D:7      | Reached skill level 10 in Maces & Flails
  6009 | D:7      | HP: 2/92 [orc priest/divine providence (13)]
  6009 | D:7      | Slain by an orc

Vault maps used:
D:1:      onia_arrival_mini_spirals
D:2:      marbit_many_paths, hangedman_abyss_or_decor_lesser_grid,
          bloody_makhleb
D:3:      lemuel_round_altar, overflow_temple_1_default, lemuel_round_altar,
          uniq_jessica, uniq_ijyb, uniq_sigmund, uniq_terence,
          uniq_crazy_yiuf_cottage
D:4:      first_ration, led_sif_pool, uniq_robin, uniq_duvessa
D:6:      old_standard_altar
D:7:      temple_green, serial_shops, nicolae_shop_statue_plus

Skill      XL: |  1  2  3  4  5  6  7  8  9 |
---------------+----------------------------+-----
Maces & Flails | 3 4 5 6 7 9 10 | 10.3
Fighting       | 3 4 5 6 |  6.9
Dodging        | |  2.4

Action                   |  1- 3 |  4- 6 |  7- 9 || total
-------------------------+-------+-------+-------++-------
Melee: Mace              |    83 |   108 |   327 ||   518
Invok: Berserk           |       |     3 |     5 ||     8
  Use: Scroll            |     2 |     4 |     9 ||    15
       Potion            |     2 |     4 |     7 ||    13
 Stab: Sleeping          |     1 |       |     1 ||     2
  Eat: Chunk             |    14 |    14 |    31 ||    59
       Ration            |       |       |     3 ||     3
Armor: Animal skin       |    25 |    20 |   109 ||   154
       Robe              |       |       |    39 ||    39
Dodge: Dodged            |    45 |    57 |   218 ||   320

Table legend:
 A = Spawn XP
 B = Non-spawn XP
 C = Spawn XP percentage of total XP
 D = Spawn monster count
 E = Non-spawn monster count
 F = Spawn count percentage of total count
 G = Total turns spent on level
                    A         B        C        D         E        F      G
               +---------+---------+-------+---------+---------+-------+---------
         Total |       0 |    4311 |   0.0 |       0 |     160 |   0.0 |  6009
               +---------+---------+-------+---------+---------+-------+---------
           D:1 |       0 |      19 |   0.0 |       0 |      15 |   0.0 |   540
           D:2 |       0 |     102 |   0.0 |       0 |      22 |   0.0 |   774
           D:3 |       0 |    1078 |   0.0 |       0 |      65 |   0.0 |  1791
           D:4 |       0 |     657 |   0.0 |       0 |      22 |   0.0 |   591
           D:5 |       0 |     613 |   0.0 |       0 |      17 |   0.0 |   915
           D:6 |       0 |     820 |   0.0 |       0 |      13 |   0.0 |  1215
           D:7 |       0 |    1022 |   0.0 |       0 |       6 |   0.0 |   183
               +---------+---------+-------+---------+---------+-------+---------
